 Dungeon Crawl Stone Soup version 0.29.1-15-g9cfb28693d (webtiles) character file.

Game seed: 465680397783106481

1696909 Hakkniv the Sorcerer (level 27, 162/162 HPs)
             Began as a Gargoyle Earth Elementalist on Mar 1, 2023.
             Was the Champion of Vehumet.
             Escaped with the Orb
             ... and 4 runes on Mar 26, 2023!
             The game lasted 17:23:06 (128089 turns).

Hakkniv the Sorcerer (GrEE)                       Turns: 128089, Time: 17:23:06

Health: 162/162    AC: 37    Str: 16    XL:     27
Magic:  55/59      EV: 13    Int: 39    God:    Vehumet [******]
Gold:   1336       SH: 36    Dex: 14    Spells: 3/72 levels left

rFire   + + .      SeeInvis +   B - staff of earth
rCold   + . .      Faith    .   n - +18 shield of the Gong {rElec rN+ Will+ EV-5}
rNeg    + + .      Spirit   .   M - +2 robe of Ashenzari's Grace {rElec rC+ Int+6}
rPois   ∞          Reflect  +   O - +2 hat {Will+}
rElec   +          Harm     .   o - +2 cloak {rPois}
rCorr   .          Rampage  .   y - +2 pair of gloves
Will    ++++.      Rage     3%  t - +2 pair of boots
Stlth   +.........              e - amulet of Etijyk {Reflect Dex+4 SH+5 SInv Stlth+}
HPRegen 0.37/turn               P - ring of Scepticism {MP+9 Str+5 Int+4}
MPRegen 0.36/turn               G - ring of Pyihej {Wiz Fly rF++}

@: flying, studying 3 skills
A: sickness immunity, AC +20, big wings, negative energy resistance 1,
electricity resistance, torment resistance 1, petrification resistance, beak,
berserk 1, frail 1, sense surroundings 1, weak 1, inability to drink after
injury 1
0: Orb of Zot
}: 4/15 runes: decaying, serpentine, slimy, silver
a: Renounce Religion


You escaped.
You worshipped Vehumet.
Vehumet was exalted by your worship.
You visited 12 branches of the dungeon, and saw 56 of its levels.
You also visited: Trove and Gauntlet.

You collected 8781 gold pieces.
You spent 7445 gold pieces at shops.

Inventory:

Hand Weapons
 H - a +9 eveningstar of draining
Missiles
 p - a throwing net
Armour
 l - a scarf of repulsion
 n - the +18 shield of the Gong (worn) {rElec rN+ Will+ EV-5}
   (You bought it in a shop on level 10 of the Dungeon)

   It is deafeningly noisy when blocking attacks.
   EV:        It affects your evasion (-5).
   rElec:     It insulates you from electricity.
   rN:        It protects you from negative energy.
   Will:      It increases your willpower.
 o - a +2 cloak of poison resistance (worn)
 t - a +2 pair of boots (worn)
 y - a +2 pair of gloves (worn)
 M - the +2 robe of Ashenzari's Grace (worn) {rElec rC+ Int+6}
   (You bought it in a shop on level 2 of the Orcish Mines)

   Int:       It affects your intelligence (+6).
   rC:        It protects you from cold.
   rElec:     It insulates you from electricity.
 O - a +2 hat of willpower (worn)
Magical Staves
 B - a staff of earth (weapon)
Jewellery
 a - a ring of positive energy
 b - a ring of protection from cold
 c - the ring of Fataq {+Blink rN+ Will- Int+2}
   (You found it on level 2 of the Realm of Zot)

   [ring of positive energy]

   Int:       It affects your intelligence (+2).
   rN:        It protects you from negative energy.
   +Blink:    It lets you blink.
   Will:      It decreases your willpower.
 e - the amulet of Etijyk (around neck) {Reflect Dex+4 SH+5 SInv Stlth+}
   (You found it in a treasure trove)

   [amulet of reflection]

   It reflects blocked missile attacks.
   Dex:       It affects your dexterity (+4).
   SInv:      It lets you see invisible.
   SH:        It affects your SH (+5).
   Stlth:     It makes you more stealthy.
 G - the ring of Pyihej (right hand) {Wiz Fly rF++}
   (You found it on level 2 of the Lair of Beasts)

   [ring of wizardry]

   It improves your spell success rate.
   rF:        It greatly protects you from fire.
   Fly:       It grants you flight.
 P - the ring of Scepticism (left hand) {MP+9 Str+5 Int+4}
   (You found it in a treasure trove)

   [ring of magical power]

   Str:       It affects your strength (+5).
   Int:       It affects your intelligence (+4).
   MP:        It affects your magic capacity (+9).
Wands
 k - a wand of quicksilver (31)
 m - a wand of digging (24)
 w - a wand of polymorph (18)
 I - a wand of charming (24)
 S - a wand of mindburst (27)
 T - a wand of iceblast (36)
 Z - a wand of flame (66)
Scrolls
 f - 6 scrolls of blinking
 h - a scroll of amnesia
 q - 13 scrolls of vulnerability
 r - 2 scrolls of enchant weapon
 s - 4 scrolls of fear
 z - 6 scrolls of silence
 C - a scroll of summoning
 J - 9 scrolls of fog
 N - a scroll of magic mapping
 Q - 9 scrolls of poison
 U - 16 scrolls of immolation
 Y - 10 scrolls of teleportation
Potions
 d - 4 potions of invisibility
 g - 3 potions of magic
 i - 7 potions of cancellation
 j - a potion of might
 u - 11 potions of mutation
 v - 6 potions of ambrosia
 x - 18 potions of curing
 A - 8 potions of brilliance
 D - 6 potions of lignification
 E - a potion of resistance
 K - 10 potions of haste
 X - 5 potions of heal wounds


   Skills:
 + Level 20.9 Fighting
 - Level 10.3(12.4) Maces & Flails
 - Level 11.2(12.8) Staves
 - Level 6.1 Armour
 + Level 13.5 Dodging
 - Level 2.3 Stealth
 - Level 15.0 Shields
 * Level 23.0 Spellcasting
 + Level 20.7 Conjurations
 - Level 2.8 Translocations
 - Level 1.4 Transmutations
 + Level 18.0 Fire Magic
 - Level 22.2 Earth Magic
 + Level 12.8 Evocations


You had 3 spell levels left.
You knew the following spells:

 Your Spells              Type           Power      Damage    Failure   Level
a - Sandblast             Erth           100%       2d20      0%          1
b - Passwall              Tmut/Erth      97%        N/A       0%          2
c - Lehudib's Crystal Sp  Conj/Erth      72%        10d16     1%          8
d - Petrify               Tmut/Erth      100%       N/A       1%          4
e - Sticky Flame          Conj/Fire      100%       2d11      0%          4
f - Conjure Flame         Conj/Fire      100%       6-21      0%          3
g - Iron Shot             Conj/Erth      72%        9d13      0%          6
h - Scorch                Fire           100%       2d10      0%          2
i - Starburst             Conj/Fire      57%        6d15      1%          6
j - Lee's Rapid Deconstr  Erth           72%        3d34*     0%          5
k - Ignition              Fire           55%        3d15      1%          8
l - Shatter               Erth           72%        3d53*     1%          9
m - Blink                 Tloc           100%       N/A       1%          2
n - Fire Storm            Conj/Fire      57%        8d15      3%          9

Your spell library contained the following spells:

 Spells                   Type           Power      Damage    Failure   Level
 Chain Lightning          Conj/Air       45%        3d60      69%         9
 Foxfire                  Conj/Fire      100%       2x1d9     0%          1
 Magic Dart               Conj           100%       1d8       0%          1
 Shock                    Conj/Air       100%       1d9       0%          1
 Searing Ray              Conj           100%       2d8       0%          2
 Static Discharge         Conj/Air       90%        3-15/arc  0%          2
 Stone Arrow              Conj/Erth      100%       3d13      0%          3
 Apportation              Tloc           100%       N/A       1%          1
 Beastly Appendage        Tmut           100%       N/A       1%          1
 Freeze                   Ice            100%       1d11      1%          1
 Necrotise                Necr           100%       1d9       1%          1
 Slow                     Hex            100%       N/A       1%          1
 Sting                    Tmut/Pois      100%       1d8       1%          1
 Summon Small Mammal      Summ           100%       N/A       1%          1
 Poisonous Vapours        Pois/Air       88%        N/A       1%          2
 Wereblood                Tmut           54%        N/A       1%          2
 Call Canine Familiar     Summ           44%        N/A       1%          3
 Confusing Touch          Hex            44%        N/A       1%          3
 Frozen Ramparts          Ice            88%        1d14      1%          3
 Gell's Gravitas          Tloc           61%        N/A       1%          3
 Ignite Poison            Fire/Tmut/Pois 77%        N/A       1%          3
 Inner Flame              Hex/Fire       86%        N/A       1%          3
 Lesser Beckoning         Tloc           61%        N/A       1%          3
 Mephitic Cloud           Conj/Pois/Air  78%        N/A       1%          3
 Ozocubu's Armour         Ice            44%        N/A       1%          3
 Portal Projectile        Hex/Tloc       100%       N/A       1%          3
 Spider Form              Tmut/Pois      50%        N/A       1%          3
 Summon Guardian Golem    Hex/Summ       44%        N/A       1%          3
 Swiftness                Air            44%        N/A       1%          3
 Teleport Other           Tloc           61%        N/A       1%          3
 Tukima's Dance           Hex            44%        N/A       1%          3
 Vampiric Draining        Necr           44%        2d9       1%          3
 Flame Wave               Conj/Fire      100%       2d21      0%          4
 Fireball                 Conj/Fire      57%        3d22      0%          5
 Iskenderun's Battlesphe  Conj           100%       2d15      0%          5
 Airstrike                Air            22%        2d(4-20)  1%          4
 Animate Armour           Summ/Erth      100%       N/A       1%          4
 Fulminant Prism          Conj/Hex       45%        3d21      1%          4
 Hailstorm                Conj/Ice       90%        3d18      1%          4
 Iskenderun's Mystic Bla  Conj/Tloc      95%        2d18      1%          4
 Olgreb's Toxic Radiance  Pois           44%        N/A       1%          4
 Passage of Golubria      Tloc           61%        N/A       1%          4
 Borgnjor's Vile Clutch   Necr/Erth      57%        N/A       1%          5
 Freezing Cloud           Conj/Ice/Air   39%        6-21      1%          5
 Lightning Bolt           Conj/Air       45%        1d65      1%          5
 Orb of Destruction       Conj           58%        9d14      1%          7
 Spellforged Servitor     Conj/Summ      45%        N/A       1%          7
 Ice Form                 Ice/Tmut       50%        N/A       2%          4
 Yara's Violent Unravell  Hex/Tmut       25%        3d11      2%          5
 Anguish                  Hex/Necr       22%        N/A       3%          4
 Cause Fear               Hex            22%        N/A       3%          4
 Corpse Rot               Necr/Pois/Air  44%        N/A       3%          4
 Dispel Undead            Necr           44%        3d17      3%          4
 Summon Ice Beast         Ice/Summ       44%        N/A       3%          4
 Summon Lightning Spire   Summ/Air       44%        N/A       3%          4
 Manifold Assault         Tloc           61%        N/A       3%          5
 Summon Forest            Summ/Tloc      27%        N/A       5%          5
 Blade Hands              Tmut           27%        N/A       6%          5
 Alistair's Intoxication  Tmut/Pois      33%        N/A       8%          5
 Agony                    Necr           44%        N/A       10%         5
 Metabolic Englaciation   Hex/Ice        22%        N/A       10%         5
 Summon Mana Viper        Hex/Summ       44%        N/A       10%         5
 Eringya's Noxious Bog    Tmut/Pois      25%        N/A       11%         6
 Death Channel            Necr           22%        N/A       45%         6
 Simulacrum               Ice/Necr       22%        N/A       45%         6
 Summon Cactus Giant      Summ           22%        N/A       45%         6
 Ozocubu's Refrigeration  Ice            22%        4d12      52%         7
 Dragon Form              Tmut           27%        N/A       82%         7
 Storm Form               Tmut/Air       25%        N/A       89%         7
 Enfeeble                 Hex            22%        N/A       94%         7
 Monstrous Menagerie      Summ           22%        N/A       94%         7
 Summon Hydra             Summ           22%        N/A       94%         7
 Maxwell's Capacitive Co  Air            22%        ∞         98%         8
 Borgnjor's Revivificati  Necr           22%        N/A       100%        8
 Discord                  Hex            22%        N/A       100%        8
 Dragon's Call            Summ           22%        N/A       100%        9
 Polar Vortex             Ice            22%        N/A       100%        9
 Sublimation of Blood     Necr           Unusable   N/A       N/A         2
 Statue Form              Tmut/Erth      Unusable   N/A       N/A         6

Dungeon Overview and Level Annotations

Branches:
Dungeon (15/15)            Temple (1/1) D:5            Lair (5/5) D:8
  Swamp (4/4) Lair:2        Snake (4/4) Lair:2        Slime (5/5) Lair:5
    Orc (2/2) D:10            Elf (3/3) Orc:2        Vaults (5/5) D:14
  Crypt (3/3) Vaults:2       Tomb (0/3) Crypt:3      Depths (4/4) D:15
    Zot (5/5) Depths:4    Gauntlet (visited)

Altars:
Ashenzari
Cheibriados
Dithmenos
Elyvilon
Fedhas
Gozag
Hepliaklqana
Kikubaaqudgha
Makhleb
Nemelex Xobeh
Okawaru
Qazlal
Ru
Sif Muna
Trog
Uskayaw
Vehumet
Wu Jian
Xom
Yredelemnul
Zin
The Shining One
Jiyva

Shops:
D:2 (   D:10 [   D:11 ?   Orc:2 ([*?   Snake:2 =*=   Snake:4 (   Vaults:5 ?!!
Depths:1 ?   Depths:3 ==:

Portals:
Hell: Depths:1 Depths:2 Depths:3 Depths:4
Abyss: Zot:2 Depths:2 Depths:3
Pandemonium: Depths:1 Depths:2 Depths:4
Ziggurat: Depths:3
Bailey: D:8

Annotations:
Lair:2 Stash
Snake:3 3 runed translucent doors, Ixivyinn's ghost, journeyman HOBe; Sagen's ghost, adept DrCj
Crypt:1 1 transporter
Zot:1 2 transporters, Pongem's ghost, legendary MiAK
Zot:2 2 transporters, Gupaxyh's ghost, veteran TrCA


Innate Abilities, Weirdness & Mutations

You are immune to sickness and miasma.
Your stone body is resilient. (AC +20)
You are immune to poison.
Your large and strong wings let you fly.
You resist negative energy. (rN+)
You are resistant to electric shocks. (rElec)
You are resistant to unholy torment.
You are immune to petrification.
You have a beak for a mouth.
You sometimes lose your temper in combat.
You are frail. (-10% HP)
You passively map a small area around you.
You are weak. (Str -2)
You occasionally lose the ability to drink potions when taking damage.


Message History

You fly upwards.
There is a stone staircase leading down here.
A cherub comes into view. It is wielding a +1 flail of flaming.
There is a stone staircase leading up here.
Press: ? - help, v - describe, . - travel
Here: a cherub, wielding a +1 flail of flaming and wearing a +0 robe (haloed)
The floor.
You fly upwards.
There is a stone staircase leading down here.
Casting: Passwall (safe; 0% risk of failure)
Confirm with . or Enter, or press ? or * to list all spells.
Aiming: Passwall (safe; 0% risk of failure)
Press: ? - help, Dir - move target A rock wall.
This square is covered in magical glow.
You feel a surge of power!
You begin to meditate on the wall.
You continue meditating on the rock. x3
You finish merging with the rock.
A hellion comes into view.
Casting: Passwall (safe; 0% risk of failure)
Confirm with . or Enter, or press ? or * to list all spells.
Aiming: Iron Shot (safe; 0% risk of failure)
Press: ? - help, Shift-Dir - straight line, f - hellion
Aim: a hellion (82% to hit)
You feel a surge of power!
The iron shot hits the hellion!!!
You kill the hellion!
Vehumet accepts your kill.
Unknown command.
There is a staircase leading out of the dungeon here.
A sixfirhy comes into view.
Casting: Iron Shot (safe; 0% risk of failure)
Confirm with . or Enter, or press ? or * to list all spells.
Aiming: Lehudib's Crystal Spear (mildly dangerous; 1% risk of failure)
Press: ? - help, Shift-Dir - straight line, f - sixfirhy
Aim: a sixfirhy (65% to hit)
You feel a surge of power!
The crystal spear hits the sixfirhy!!!!
You kill the sixfirhy!
Vehumet accepts your kill.
You feel your power returning.
You have escaped!

#..###.........###..# #.# ##.##
##.......## ##.###.### #..#
#.......# #........ #..##
##.......## ##...#.##.
#...###.........###....#.##.
#......................#..#.
######......................##.#.
.##.........................##.#.
.##.###.........@................
.##.##...........................
..........................#.###..
.##.##....................#.# #..
.##.##...###.........###....# ##.
.##.....## ##.......## ##.### #.
######..# #.......# #.# ###.
#####..## ##.......## ##.# #...
##.......###.........###..####.##


There were no monsters in sight!

Vanquished Creatures
  the Royal Jelly (Slime:5)
  4 dread liches
  4 orbs of fire
  An ancient lich (Vaults:5)
  A juggernaut (Depths:3)
  Sojobo (Vaults:3)
  7 Killer Klowns
  Saint Roka (Vaults:1)
  Xtahua (Vaults:3)
  A caustic shrike (D:15)
  Frederick (Vaults:3)
  the Lernaean hydra (Swamp:4)
  2 curse toes
  9 golden dragons
  Jory (Crypt:2)
  A profane servitor (Zot:1)
  Nikola (Swamp:4)
  3 electric golems
  A bone dragon (Crypt:3)
  The ghost of abarbat the Executioner, an adept MiBe of Trog (Vaults:3)
  Jorgrun (Elf:1)
  Rupert (Orc:2)
  15 tentacled monstrosities
  3 liches
  A Hell Sentinel (Zot:3)
  8 titans
  8 quicksilver dragons
  25 Orb Guardians (Zot:5)
  2 deep elf master archers (Elf:3)
  2 walking divine tomes
  2 walking earthen tomes (Depths:2)
  3 ancient champions (Crypt:1)
  2 deep elf blademasters (Elf:3)
  Frances (Elf:1)
  16 acid blobs
  6 sphinxes
  A thorn hunter (Swamp:3)
  9 death cobs
  8 shadow dragons
  9 tengu reavers
  Kirke (D:15)
  3 revenants
  Donald (Vaults:3)
  9 draconian monks
  7 nagarajas
  8 azure jellies
  Roxanne (Swamp:4)
  18 storm dragons
  6 fire giants
  16 rockslimes
  3 fenstrider witches
  5 draconian knights
  8 frost giants
  2 iron dragons
  Louise (D:14)
  5 deep elf sorcerers
  6 ghost moths
  16 vault wardens
  5 draconian scorchers
  Aizul (Snake:4)
  2 orc warlords
  A cacodemon (D:15)
  7 ghouls (Crypt:2)
  21 ironbound preservers
  2 reapers (Depths:2)
  A curse skull (Crypt:2)
  13 draconian annihilators
  10 quicksilver oozes
  An angel (Zot:1)
  3 deep elf elementalists (Elf:3)
  5 draconian shifters
  4 draconian stormcallers
  3 spriggan defenders
  9 war gargoyles
  A caustic shrike skeleton (Depths:2)
  8 vampire knights
  29 very ugly things
  8 deep elf demonologists
  10 green draconians
  6 ironbound thunderhulks
  Azrael (Elf:1)
  2 eleionomae (Swamp:3)
  22 stone giants
  12 dire elephants
  13 yellow draconians
  A bunyip (shapeshifter) (Depths:1)
  2 lorocyprocas
  5 spark wasps
  12 black draconians
  16 purple draconians
  9 red draconians
  4 bunyips
  5 eidola
  13 white draconians
  3 deep elf annihilators
  A green death (D:8)
  13 deep elf death magi
  6 crystal guardians
  15 ettins
  10 fire dragons
  5 jiangshi
  14 yaktaur captains
  4 deep elf high priests
  Josephine (D:10)
  5 ice dragons
  6 rakshasas
  5 boulder beetles
  A boulder beetle (shapeshifter) (Vaults:5)
  Harold (Lair:2)
  11 great orbs of eyes
  5 spriggan air magi
  46 vault guards
  A salamander tyrant (Snake:4)
  An ogre mage (Vaults:4)
  3 ghost crabs
  3 peacekeepers
  A death knight (Crypt:2)
  22 hydras
  A catoblepas (Lair:2)
  18 centaur warriors
  5 ironbound frosthearts
  6 two-headed ogres
  The ghost of DemonSlayer the Thaumaturge, a journeyman DsEE of Yredelemnul (D:10)
  A bennu zombie (Crypt:1)
  6 anacondas
  10 alligators
  13 naga warriors
  11 deep troll shamans
  8 tengu warriors
  28 dancing weapons
  6 shock serpents
  6 orc high priests
  11 deep troll earth magi
  A titan zombie (Crypt:3)
  8 naga sharpshooters
  10 vampire magi
  2 storm dragon zombies
  15 hell knights
  Urug (Orc:2)
  A sun demon (Depths:1)
  3 spriggan berserkers
  15 deep elf knights
  2 goliath frogs
  9 iron trolls
  3 soul eaters
  A shadow wraith (Crypt:2)
  4 salamander mystics (Snake:4)
  6 sea snakes (Snake:4)
  3 sixfirhies
  3 spriggan druids
  58 deep trolls
  A shadow demon (Depths:4)
  A steelbarb worm (shapeshifter) (Vaults:5)
  22 skeletal warriors
  3 flayed ghosts
  8 glowing orange brains
  6 naga ritualists
  5 lindwurms (Vaults:1)
  8 phantasmal warriors
  An anaconda zombie (Crypt:2)
  28 ironbound convokers
  12 swamp dragons
  13 bog bodies
  11 wizards
  20 necromancers
  Pikel (D:7)
  An anaconda skeleton (Crypt:3)
  18 deep elf archers
  A harpy (Vaults:3)
  29 deep elf pyromancers
  A stone giant zombie (Vaults:1)
  A fire giant zombie (Depths:2)
  38 ugly things
  26 deep elf zephyrmancers
  9 orc knights
  3 will-o-the-wisps
  13 mana vipers
  6 orc sorcerers
  A wolf spider (shapeshifter) (Depths:2)
  7 shining eyes
  2 manticores
  24 cyclopes
  6 salamanders
  A manticore (shapeshifter) (Vaults:5)
  18 elephants
  25 moths of wrath
  2 stone giant skeletons
  7 rust devils
  A guardian serpent (shapeshifter) (Vaults:5)
  33 black mambas
  4 eyes of devastation
  25 vault sentinels
  14 naga magi
  A guardian serpent (Snake:2)
  A torpor snail (Lair:4)
  2 centaur skeletons (Crypt:3)
  2 smoke demons (Depths:2)
  A gargoyle (D:10)
  An unseen horror (D:13)
  2 orange demons
  26 cane toads
  6 freezing wraiths
  Maggie (D:7)
  A hellion (D:1)
  A kobold demonologist (D:13)
  13 yaktaurs
  An iron troll zombie (Crypt:2)
  A naga skeleton (Crypt:3)
  2 rime drakes
  A yaktaur (shapeshifter) (Depths:1)
  2 tormentors
  A white draconian skeleton (Crypt:1)
  4 tengu conjurers
  2 hellwings
  9 komodo dragons
  2 hydra zombies
  A catoblepas skeleton (Crypt:2)
  A yaktaur skeleton (Vaults:1)
  A red devil (Depths:2)
  2 bloated husks
  2 harpy skeletons (Crypt:3)
  A polar bear (Lair:5)
  12 trolls
  6 hornets
  14 tyrant leeches
  Prince Ribbit (D:9)
  A radroach zombie (Crypt:1)
  148 slime creatures
  A death drake skeleton (Crypt:2)
  5 dream sheep (Lair:4)
  3 spriggan zombies
  26 blink frogs
  A fire dragon zombie (Crypt:3)
  3 shadows
  34 flying skulls
  5 spriggans
  10 water elementals
  3 air elementals
  56 yaks
  2 vampires (D:9)
  10 wraiths
  5 fire elementals
  3 wyverns
  3 ynoxinuls
  15 golden eyes
  4 hogs
  2 neqoxecs
  A steam dragon (D:7)
  4 basilisks
  2 chaos spawn
  8 swamp worms
  A deep troll zombie (Crypt:1)
  5 vampire mosquitoes (Lair:5)
  9 wargs
  An acid dragon (D:9)
  A glowing shapeshifter zombie (Depths:2)
  38 nagas
  14 water moccasins
  3 large abominations (Elf:1)
  3 hell hounds (Elf:1)
  A hornet zombie (Crypt:2)
  9 swamp drakes
  53 orc warriors
  A cane toad skeleton (Crypt:1)
  3 ice beasts
  2 black bears
  3 sky beasts
  8 boggarts
  15 ogres
  11 centaurs
  2 lemures (D:7)
  4 wolves (Orc:1)
  A hog skeleton (Crypt:1)
  A phantom (D:5)
  A kobold brigand (D:8)
  6 elf zombies
  7 necrophages
  5 earth elementals
  2 human skeletons
  18 bullfrogs
  A salamander skeleton (Crypt:2)
  A gnoll sergeant (D:13)
  A wyvern zombie (D:7)
  5 jellies
  4 scorpions
  7 wights
  A cyclops skeleton (Crypt:1)
  4 killer bees (D:9)
  7 electric eels
  3 centaur zombies (D:7)
  A bullfrog zombie (D:7)
  37 orc priests
  5 hounds
  7 iguanas
  3 gnoll boudas
  41 orc wizards
  Natasha (thrice) (D:2)
  An acid dragon skeleton (Crypt:1)
  A howler monkey zombie (D:7)
  16 gnolls
  10 adders
  A steam dragon skeleton (Crypt:2)
  2 white imps
  An ufetubus (D:5)
  4 dart slugs
  2 worms
  129 orcs
  10 endoplasms
  A giant cockroach (D:4)
  8 goblins
  7 hobgoblins
  2 jackals (D:1)
  3 kobolds
  5 quokkas
  5 ball pythons
  8 bats
  2 frilled lizards
  A frilled lizard zombie (Crypt:2)
  A kobold (shapeshifter) (Vaults:4)
  7 rats
  5 fire vortices
2534 creatures vanquished.

Vanquished Creatures (collateral kills)
  A juggernaut (Depths:2)
  2 acid blobs
  A draconian annihilator (Zot:3)
  5 slime creatures (Slime:5)
  A floating eye (Depths:2)
10 creatures vanquished.

Vanquished Creatures (others)
  Asterion (Vaults:3)
  An ironbound preserver (Vaults:5)
  A wizard (D:13)
  A bloated husk (Swamp:1)
  A human (D:15)
  2 orc wizards
  A bush (Lair:5)
  11 demonic plants (Gauntlet)
  81 fire vortices
  32 foxfires
  58 fungi
  3 pillars of salt (Vaults:1)
  283 plants
  34 withered plants
510 creatures vanquished.

Grand Total: 3054 creatures vanquished

Notes
Turn   | Place    | Note
-------+----------+-------------------------------------------
     0 | D:1      | Hakkniv the Gargoyle Earth Elementalist began the quest for
                  | the Orb.
     0 | D:1      | Reached XP level 1. HP: 10/10 MP: 3/3
   253 | D:1      | Reached skill level 1 in Transmutations
   253 | D:1      | Reached XP level 2. HP: 15/15 MP: 1/5
   681 | D:1      | Reached XP level 3. HP: 19/19 MP: 4/6
  1156 | D:2      | Found a shimmering altar of Xom.
  1310 | D:2      | Found Eboedwas's Weapon Boutique.
  1399 | D:2      | Found a faded altar of an unknown god.
  1405 | D:2      | Reached XP level 4. HP: 24/24 MP: 6/8
  1440 | D:2      | Reached skill level 3 in Spellcasting
  1593 | D:2      | Noticed Natasha
  1597 | D:2      | HP: 1/24 [crimson imp[Natasha] (4)]
  1598 | D:2      | Killed Natasha
  1599 | D:2      | Reached skill level 5 in Earth Magic
  1945 | D:2      | Noticed Natasha
  1949 | D:2      | Killed Natasha
  1950 | D:2      | Reached XP level 5. HP: 4/28 MP: 4/10
  2316 | D:2      | Noticed Natasha
  2326 | D:2      | Killed Natasha
  2332 | D:2      | Learned a level 2 spell: Passwall
  2663 | D:3      | Reached skill level 4 in Spellcasting
  2700 | D:3      | Reached XP level 6. HP: 24/32 MP: 8/12
  2820 | D:3      | Found a white marble altar of Elyvilon.
  2876 | D:3      | Found a broken altar of Ashenzari.
  3180 | D:4      | Found an ancient bone altar of Kikubaaqudgha.
  3325 | D:4      | Reached XP level 7. HP: 32/36 MP: 9/14
  3389 | D:4      | Found a hazy altar of Hepliaklqana.
  3582 | D:4      | Reached skill level 5 in Spellcasting
  3795 | D:5      | Entered Level 5 of the Dungeon
  3877 | D:5      | Found a basalt altar of Yredelemnul.
  4163 | D:5      | Learned a level 3 spell: Stone Arrow
  4195 | D:5      | Found a staircase to the Ecumenical Temple.
  4297 | D:5      | Reached XP level 8. HP: 41/41 MP: 13/16
  4349 | D:5      | Reached skill level 6 in Spellcasting
  4869 | Temple   | Entered the Ecumenical Temple
  5027 | D:6      | Reached skill level 7 in Spellcasting
  5031 | D:6      | Found a radiant altar of Vehumet.
  5036 | D:6      | Became a worshipper of Vehumet
  5205 | D:6      | Reached skill level 10 in Earth Magic
  5205 | D:6      | Reached XP level 9. HP: 41/45 MP: 14/20
  5904 | D:6      | Reached skill level 8 in Spellcasting
  5957 | D:7      | Found a burning altar of Makhleb.
  5964 | D:7      | Noticed Pikel
  5980 | D:7      | Reached * piety under Vehumet
  5980 | D:7      | Offered knowledge of Freeze by Vehumet.
  6054 | D:7      | Noticed a cyclops
  6055 | D:7      | Found a flagged portal.
  6244 | D:7      | Noticed Maggie
  6249 | D:7      | Killed Maggie
  6950 | D:7      | Noticed a hornet
  6958 | D:7      | Killed a hornet
  7042 | D:7      | Killed a cyclops
  7043 | D:7      | Reached skill level 9 in Spellcasting
  7043 | D:7      | Reached XP level 10. HP: 48/50 MP: 18/23
  7048 | D:7      | Learned a level 4 spell: Petrify
  7058 | D:7      | Killed Pikel
  7102 | D:7      | Found a shadowy altar of Dithmenos.
  7967 | D:8      | Reached ** piety under Vehumet
  7967 | D:8      | Offered knowledge of Shock by Vehumet.
  8023 | D:8      | Reached skill level 10 in Spellcasting
  8686 | D:8      | Found a staircase to the Lair.
  8883 | D:8      | Found a snail-covered altar of Cheibriados.
  9034 | D:8      | Found a glowing silver altar of Zin.
  9359 | D:9      | Reached skill level 1 in Conjurations
  9495 | Lair:1   | Entered Level 1 of the Lair of Beasts
  9523 | Lair:1   | Noticed a black mamba
  9531 | Lair:1   | Killed a black mamba
  9532 | Lair:1   | Reached skill level 1 in Fighting
  9532 | Lair:1   | Reached skill level 1 in Armour
  9532 | Lair:1   | Reached XP level 11. HP: 29/56 MP: 22/25
  9775 | Lair:1   | Reached skill level 1 in Maces & Flails
  9775 | Lair:1   | Reached skill level 1 in Evocations
 10471 | Lair:1   | Offered knowledge of Dazzling Flash by Vehumet.
 10809 | Lair:2   | Found a gate leading to a gauntlet.
 10817 | Gauntlet | Entered a Gauntlet
 10817 | Gauntlet | Found a transporter.
 10820 | Gauntlet | Noticed a sixfirhy
 10830 | Gauntlet | Noticed a worldbinder
 10832 | Gauntlet | Found a transporter.
 10846 | Gauntlet | Found a transporter.
 10853 | Gauntlet | Noticed a reaper
 10854 | Gauntlet | Found a transporter.
 10910 | Gauntlet | Found a transporter.
 10912 | Gauntlet | Found a transporter.
 10922 | Gauntlet | Found a transporter.
 11001 | Lair:2   | Noticed a catoblepas
 11132 | Lair:2   | Noticed Harold
 11138 | Lair:2   | Killed Harold
 11138 | Lair:2   | Reached *** piety under Vehumet
 11604 | Lair:2   | Found a staircase to the Snake Pit.
 12027 | Lair:2   | Found a staircase to the Swamp.
 12104 | Lair:2   | Killed a catoblepas
 12105 | Lair:2   | Reached skill level 11 in Spellcasting
 12105 | Lair:2   | Reached skill level 5 in Conjurations
 12105 | Lair:2   | Reached XP level 12. HP: 59/64 MP: 10/27
 12201 | Lair:2   | Identified the ring of Pyihej {Wiz Fly rF++}
 12446 | Lair:3   | Offered knowledge of Sticky Flame by Vehumet.
 12452 | Lair:3   | Learned a level 4 spell: Sticky Flame
 13967 | Lair:3   | Found the dreamshard necklace {*Dream Drain}
 14601 | Lair:4   | Noticed an eight-headed hydra
 14990 | Lair:4   | Reached skill level 5 in Armour
 15065 | Lair:4   | Reached skill level 1 in Fire Magic
 15065 | Lair:4   | Reached XP level 13. HP: 52/72 MP: 20/28
 15083 | Lair:4   | Reached **** piety under Vehumet
 15084 | Lair:4   | Reached skill level 5 in Fighting
 15220 | Lair:4   | Offered knowledge of Conjure Flame by Vehumet.
 15226 | Lair:4   | Learned a level 3 spell: Conjure Flame
 15797 | Lair:4   | Reached skill level 5 in Maces & Flails
 16085 | Lair:5   | Entered Level 5 of the Lair of Beasts
 16474 | Lair:5   | Reached skill level 15 in Earth Magic
 16781 | Lair:5   | Reached skill level 5 in Evocations
 16796 | Lair:5   | Reached ***** piety under Vehumet
 16801 | Lair:5   | Offered knowledge of Iron Shot by Vehumet.
 16872 | Lair:5   | Reached skill level 5 in Dodging
 16879 | Lair:5   | Learned a level 6 spell: Iron Shot
 17080 | Lair:5   | Found a viscous altar of Jiyva.
 17080 | Lair:5   | Found a staircase to the Slime Pits.
 17403 | Lair:5   | Gained mutation: Your large and strong wings let you fly.
                  | [Gargoyle growth]
 17403 | Lair:5   | Reached XP level 14. HP: 71/80 MP: 26/29
 18647 | D:9      | Reached skill level 12 in Spellcasting
 18824 | D:9      | Noticed Prince Ribbit
 18922 | D:9      | Killed Prince Ribbit
 19053 | D:9      | Offered knowledge of Airstrike by Vehumet.
 19134 | D:9      | Found an ornate altar of the Wu Jian Council.
 19207 | D:10     | Entered Level 10 of the Dungeon
 19211 | D:10     | Found a runed translucent door.
 19211 | D:10     | Noticed DemonSlayer's ghost (journeyman DsEE)
 19344 | D:10     | Found Qanestoh's Armour Boutique.
 19344 | D:10     | Found a staircase to the Orcish Mines.
 19680 | D:10     | Identified the +5 scimitar of Duty {drain, rPois Int-3
                  | Dex+3}
 19747 | D:10     | Found a sacrificial altar of Ru.
 19969 | D:10     | Found an iron altar of Okawaru.
 19985 | D:10     | Noticed Josephine
 20002 | D:10     | Killed Josephine
 20349 | D:10     | Found a stormy altar of Qazlal.
 21220 | D:11     | Found a stormy altar of Qazlal.
 21916 | D:11     | Found Baxuigg's Magic Scroll Boutique.
 21922 | D:11     | Bought a scroll of immolation for 60 gold pieces
 21922 | D:11     | Bought a scroll of identify for 30 gold pieces
 21922 | D:11     | Bought a scroll of identify for 30 gold pieces
 21922 | D:11     | Bought a scroll of identify for 30 gold pieces
 21922 | D:11     | Bought a scroll of identify for 30 gold pieces
 21922 | D:11     | Bought a scroll of identify for 30 gold pieces
 21922 | D:11     | Bought a scroll of teleportation for 45 gold pieces
 21922 | D:11     | Bought 2 scrolls of teleportation for 90 gold pieces
 22274 | D:12     | Identified the +2 leather armour "Nubbocaj" {rElec Int+2
                  | Dex+3}
 22797 | Orc:1    | Entered Level 1 of the Orcish Mines
 23263 | Orc:1    | Reached skill level 5 in Fire Magic
 23897 | Orc:1    | Offered knowledge of Lightning Bolt by Vehumet.
 24480 | Orc:1    | Reached skill level 10 in Conjurations
 24707 | Orc:1    | Reached XP level 15. HP: 88/88 MP: 21/31
 25351 | Orc:1    | Noticed a frost giant
 25362 | Orc:1    | Killed a frost giant
 25511 | Orc:1    | Got the Papyrus of Rocky Pyromania
 25525 | Orc:1    | Learned a level 2 spell: Scorch
 25532 | Orc:1    | Found the +8 whip "Snakebite" {venom, curare, rPois}
 25532 | Orc:1    | Found the +8 Vampire's Tooth {vamp}
 25537 | Orc:1    | Identified the +12 halberd of Awodghumi {vamp, +Blink}
 25621 | Orc:2    | Entered Level 2 of the Orcish Mines
 26109 | Orc:2    | Noticed Rupert
 26124 | Orc:2    | Paralysed by Rupert for 5 turns
 26138 | Orc:2    | Killed Rupert
 26278 | Orc:2    | Found Nyarphuete's General Store.
 26293 | Orc:2    | Found Beevidwe's Magic Scroll Boutique.
 26319 | Orc:2    | Bought a scroll of blinking for 120 gold pieces
 26319 | Orc:2    | Bought a scroll of teleportation for 48 gold pieces
 26746 | Orc:2    | Noticed Urug
 26756 | Orc:2    | Killed Urug
 27211 | Orc:2    | Found a staircase to the Elven Halls.
 27621 | Orc:2    | Found Rijytsag's Weapon Emporium.
 28058 | Orc:2    | Noticed an orc warlord
 28092 | Orc:2    | Offered knowledge of Starburst by Vehumet.
 28193 | Orc:2    | Learned a level 6 spell: Starburst
 28214 | Orc:2    | Killed an orc warlord
 28401 | Orc:2    | Found Fegan's Antique Armour Shoppe.
 29432 | Elf:1    | Entered Level 1 of the Elven Halls
 30701 | Orc:2    | Bought a faintly glowing robe for 165 gold pieces
 30701 | Orc:2    | Identified the +2 robe of Ashenzari's Grace {rElec rC+
                  | Int+6} (You bought it in a shop on level 2 of the Orcish
                  | Mines)
 30701 | Orc:2    | Bought a glowing buckler for 217 gold pieces
 31007 | Swamp:1  | Entered Level 1 of the Swamp
 31551 | Lair:2   | Reached skill level 1 in Shields
 31632 | Swamp:1  | Reached XP level 16. HP: 78/95 MP: 32/32
 33601 | Swamp:2  | Identified the +5 leather armour "Vohasont" {Int+4}
 33652 | Swamp:3  | Noticed a thorn hunter
 33730 | Swamp:3  | Offered knowledge of Freezing Cloud by Vehumet.
 33902 | Swamp:3  | Noticed a fenstrider witch
 34034 | Swamp:3  | Reached skill level 13 in Spellcasting
 34766 | Swamp:3  | Killed a fenstrider witch
 35014 | Swamp:3  | Killed a thorn hunter
 35424 | Snake:1  | Entered Level 1 of the Snake Pit
 36218 | Snake:1  | Learned a level 5 spell: Lee's Rapid Deconstruction
 36917 | Snake:2  | Found Baicau's Jewellery Shop.
 37084 | Snake:2  | Found Kulagiaj's Assorted Antiques.
 37604 | Snake:2  | Noticed a nagaraja
 37609 | Snake:2  | Killed a nagaraja
 38123 | Snake:2  | Found Hyceu's Jewellery Shop.
 38688 | Snake:3  | Reached XP level 17. HP: 100/101 MP: 34/34
 38903 | Snake:3  | Found a runed translucent gate.
 38903 | Snake:3  | Found a runed translucent gate.
 38954 | Snake:3  | Found a runed translucent gate.
 38955 | Snake:3  | Noticed Ixivyinn's ghost (journeyman HOBe)
 38956 | Snake:3  | Noticed Sagen's ghost (adept DrCj)
 39406 | Snake:3  | Offered knowledge of Irradiate by Vehumet.
 39896 | Snake:3  | Reached skill level 10 in Fighting
 40617 | D:10     | Killed DemonSlayer's ghost
 40629 | D:10     | Got Fydurar's Handbook of the Lithosphere
 41118 | D:14     | Identified the +1 ring mail "Ifuvof" {Str+2 Slay+3}
 41122 | D:14     | Noticed Louise
 41661 | D:14     | Identified the +3 falchion of Conformity {vamp, rC- Will+
                  | Stlth+}
 41879 | D:14     | Killed Louise
 42179 | D:14     | Found a broken altar of Ashenzari.
 42467 | D:14     | Identified the +2 kite shield "Baghisto" {Str+3}
 42478 | D:14     | Found a gate to the Vaults.
 42930 | D:15     | Entered Level 15 of the Dungeon
 42930 | D:15     | Noticed Kirke
 43656 | D:15     | Killed Kirke
 44289 | D:15     | Found a staircase to the Depths.
 44714 | Swamp:4  | Entered Level 4 of the Swamp
 44733 | Swamp:4  | Paralysed by a fenstrider witch for 4 turns
 44740 | Swamp:4  | Identified Roxanne's Incunabulum of Reformation
 44740 | Swamp:4  | Noticed Roxanne
 45226 | Swamp:4  | Killed Roxanne
 45968 | Swamp:4  | Noticed Nikola
 45976 | Swamp:4  | Killed Nikola
 45977 | Swamp:4  | Reached XP level 18. HP: 83/110 MP: 9/35
 46045 | Swamp:3  | Reached skill level 14 in Spellcasting
 46687 | Swamp:4  | Offered knowledge of Ignition by Vehumet.
 46835 | Swamp:4  | Noticed the 27-headed Lernaean hydra
 46848 | Swamp:4  | Killed the 27-headed Lernaean hydra
 46942 | Swamp:4  | Got a decaying rune of Zot
 47139 | Snake:4  | Entered Level 4 of the Snake Pit
 47139 | Snake:4  | Found Koneiczuva's Antique Weapon Emporium.
 47168 | Snake:4  | Learned a level 8 spell: Ignition
 47439 | Snake:4  | Noticed Aizul
 47447 | Snake:4  | Killed Aizul
 48570 | Snake:4  | Reached skill level 10 in Fire Magic
 50686 | Snake:4  | Got a serpentine rune of Zot
 51504 | Elf:1    | Reached XP level 19. HP: 88/117 MP: 15/37
 51657 | Elf:1    | Noticed Azrael
 51666 | Elf:1    | Killed Azrael
 51804 | Elf:1    | Reached skill level 5 in Shields
 52667 | Elf:1    | Got Kikubaaqudgha's Incunabulum of Evil Mysteries
 52947 | Elf:1    | Noticed Frances
 52957 | Elf:1    | Killed Frances
 53372 | Elf:1    | Noticed Jorgrun
 53379 | Elf:1    | Killed Jorgrun
 54798 | Elf:2    | Paralysed by an air elemental for 1 turns
 54801 | Elf:2    | Paralysed by an air elemental for 1 turns
 55130 | Elf:2    | Noticed a Brimstone Fiend
 55545 | Elf:2    | Found a runed translucent gate.
 55545 | Elf:2    | Found a runed translucent gate.
 55545 | Elf:2    | Found a runed translucent gate.
 55567 | Elf:2    | Reached ****** piety under Vehumet
 55571 | Elf:2    | Reached skill level 15 in Spellcasting
 55948 | Elf:2    | Reached skill level 10 in Maces & Flails
 56546 | Elf:2    | Offered knowledge of Fire Storm by Vehumet.
 56546 | Elf:2    | Offered knowledge of Chain Lightning by Vehumet.
 56546 | Elf:2    | Offered knowledge of Polar Vortex by Vehumet.
 57141 | Elf:3    | Entered Level 3 of the Elven Halls
 58850 | D:10     | Bought the +18 shield of the Gong {rElec rN+ Will+ EV-5}
                  | for 1167 gold pieces
 58850 | D:10     | Found the +18 shield of the Gong {rElec rN+ Will+ EV-5}
 58993 | Vaults:1 | Entered Level 1 of the Vaults
 59079 | Vaults:1 | Identified the +4 whip "Hikonloq" {distort, rC+ Int+4 SInv}
 59633 | Vaults:1 | Reached XP level 20. HP: 118/122 MP: 12/39
 61023 | Vaults:1 | You are sucked into a shaft and drop 1 floor!
 61518 | Vaults:1 | Noticed Saint Roka
 62622 | Vaults:1 | Reached skill level 15 in Conjurations
 62844 | Vaults:1 | Killed Saint Roka
 63431 | Vaults:2 | Found a staircase to the Crypt.
 63431 | Vaults:2 | Found a basalt altar of Yredelemnul.
 63431 | Vaults:2 | Found an ancient bone altar of Kikubaaqudgha.
 63658 | Vaults:2 | Reached skill level 16 in Spellcasting
 64626 | Vaults:2 | Identified the +10 arbalest of Contention {vorpal, rElec
                  | rPois Will+}
 66034 | Vaults:2 | Reached XP level 21. HP: 128/132 MP: 23/41
 67467 | Vaults:3 | Found a runed translucent door.
 67470 | Vaults:3 | Noticed abarbat's ghost (adept MiBe)
 67504 | Vaults:3 | Noticed Donald
 67508 | Vaults:3 | Killed Donald
 67764 | Vaults:3 | Noticed Frederick
 68105 | Vaults:3 | Identified the +3 leather armour "Udoifen" {rN+ Str-3 Int+4
                  | Stlth+}
 68170 | Vaults:3 | Killed Frederick
 68348 | Vaults:3 | Identified a scroll of acquirement
 68547 | Vaults:3 | Noticed Asterion
 68563 | Vaults:3 | Noticed Xtahua
 69275 | Vaults:3 | Killed Xtahua
 69734 | Vaults:3 | Noticed Sojobo
 70756 | Vaults:3 | Killed Asterion
 70757 | Vaults:3 | Reached skill level 17 in Spellcasting
 71953 | Vaults:3 | Killed Sojobo
 73218 | Vaults:4 | Found a huge runed gate.
 73238 | Vaults:4 | Found a huge runed gate.
 73238 | Vaults:4 | Found a huge runed gate.
 73238 | Vaults:4 | Found a huge runed gate.
 73240 | Vaults:4 | Found a huge runed gate.
 73240 | Vaults:4 | Found a huge runed gate.
 73241 | Vaults:4 | Found a huge runed gate.
 73242 | Vaults:4 | Found a huge runed gate.
 73242 | Vaults:4 | Found a huge runed gate.
 73242 | Vaults:4 | Found a huge runed gate.
 73249 | Vaults:4 | Found a huge runed gate.
 73249 | Vaults:4 | Found a huge runed gate.
 73249 | Vaults:4 | Found a huge runed gate.
 73249 | Vaults:4 | Found a huge runed gate.
 73249 | Vaults:4 | Found a huge runed gate.
 73249 | Vaults:4 | Found a huge runed gate.
 73250 | Vaults:4 | Found a huge runed gate.
 73251 | Vaults:4 | Found a huge runed gate.
 73252 | Vaults:4 | Found a huge runed gate.
 73360 | Vaults:4 | Found a huge runed gate.
 73360 | Vaults:4 | Found a huge runed gate.
 73360 | Vaults:4 | Found a huge runed gate.
 73360 | Vaults:4 | Found a huge runed gate.
 73360 | Vaults:4 | Found a huge runed gate.
 73360 | Vaults:4 | Found a huge runed gate.
 73360 | Vaults:4 | Found a huge runed gate.
 73361 | Vaults:4 | Found a huge runed gate.
 73362 | Vaults:4 | Found a huge runed gate.
 73370 | Vaults:4 | Found a huge runed gate.
 73370 | Vaults:4 | Found a huge runed gate.
 73370 | Vaults:4 | Found a huge runed gate.
 73370 | Vaults:4 | Found a huge runed gate.
 73370 | Vaults:4 | Found a huge runed gate.
 73370 | Vaults:4 | Found a huge runed gate.
 73371 | Vaults:4 | Found a huge runed gate.
 73372 | Vaults:4 | Found a huge runed gate.
 73669 | Vaults:4 | Reached skill level 10 in Shields
 73816 | Vaults:4 | Reached XP level 22. HP: 139/139 MP: 36/43
 73835 | Vaults:4 | Reached skill level 15 in Fighting
 75368 | Vaults:4 | Noticed a dread lich
 75861 | Vaults:4 | Killed a dread lich
 76861 | Crypt:1  | Entered Level 1 of the Crypt
 77829 | Depths:1 | Entered Level 1 of the Depths
 77877 | D:15     | Learned a level 9 spell: Shatter
 78910 | Depths:1 | Found a gateway to Hell.
 79154 | Depths:1 | Found a one-way gate leading to the halls of Pandemonium.
 80526 | Depths:1 | Found Yceastru's Magic Scroll Shoppe.
 80542 | Depths:1 | Bought a scroll of teleportation for 48 gold pieces
 80542 | Depths:1 | Bought a scroll of silence for 152 gold pieces
 80542 | Depths:1 | Bought a scroll of teleportation for 48 gold pieces
 80542 | Depths:1 | Bought a scroll of silence for 152 gold pieces
 80542 | Depths:1 | Bought a scroll of enchant armour for 120 gold pieces
 80542 | Depths:1 | Bought a scroll of summoning for 152 gold pieces
 80542 | Depths:1 | Bought a scroll of amnesia for 64 gold pieces
 80706 | D:15     | HP: 4/137 [ettin/+0 dire flail (21)]
 81319 | D:15     | Reached skill level 18 in Spellcasting
 81512 | Depths:1 | Noticed a caustic shrike
 81572 | D:15     | Killed a caustic shrike
 82741 | Depths:1 | Noticed a golden dragon
 82744 | Depths:1 | Killed a golden dragon
 84267 | Depths:2 | Reached XP level 23. HP: 146/146 MP: 45/45
 85349 | Depths:2 | Found a one-way gate to the infinite horrors of the Abyss.
 86614 | Depths:2 | Noticed a golden dragon
 86619 | Depths:2 | Killed a golden dragon
 87038 | Depths:2 | Identified the +5 glaive of Wariness {flame, Str+4 Int-3
                  | Dex+4}
 87169 | Depths:2 | Identified the +6 halberd "Dragon's Demise" {antimagic,
                  | Will+++ Int-2 Dex+4 Stlth+}
 87171 | Depths:2 | Identified the +1 scale mail of Ziphox {Dex+2 Stlth+}
 89180 | Depths:3 | Found a one-way gateway to a ziggurat.
 89245 | Depths:3 | Noticed a juggernaut
 89740 | Depths:3 | Noticed a juggernaut
 90227 | Depths:2 | Killed a juggernaut
 90415 | Depths:3 | Identified the +6 spear "Saptuuh" {vorpal, rC- Int+8}
 90415 | Depths:3 | Identified the ring "Eviepu" {rPois rF+ rC- rN+ Dex+6}
 91024 | Depths:3 | Reached skill level 19 in Spellcasting
 92230 | Depths:3 | Found a portal to a secret trove of treasure.
 92373 | Depths:3 | Killed a juggernaut
 92516 | Depths:3 | Reached XP level 24. HP: 154/154 MP: 29/46
 92776 | Depths:3 | Found Ahahul's Jewellery Boutique.
 92778 | Depths:3 | Found Tikloner's Book Shoppe.
 92779 | Depths:3 | Found Ydeg's Jewellery Boutique.
 92799 | Depths:3 | Bought an Inescapable Atlas for 578 gold pieces
 92802 | Depths:3 | Learned a level 2 spell: Blink
 93192 | Depths:4 | Entered Level 4 of the Depths
 93574 | Depths:3 | Reached skill level 1 in Staves
 93700 | Depths:4 | Reached skill level 1 in Translocations
 94313 | Depths:4 | Found a gate to the Realm of Zot.
 95148 | Depths:4 | Reached skill level 15 in Fire Magic
 96527 | Depths:3 | Acquired a staff of earth
 96549 | Depths:3 | You paid a toll of +2 gold dragon scales to enter a
                  | treasure trove
 96550 | Trove    | Entered a treasure trove
 96558 | Trove    | Identified the ring of Ducash {rElec rN+ Will- Int+7 Dex+3}
 96560 | Trove    | Identified the amulet of Etijyk {Reflect Dex+4 SH+5 SInv
                  | Stlth+}
 96564 | Trove    | Identified the amulet "Xuc Migu" {rElec rC+ rN+ Regen+}
 96568 | Trove    | Identified the amulet "Ifrezom" {Acrobat Contam rElec rC++
                  | Dex-4}
 96578 | Trove    | Identified the ring of Scepticism {MP+9 Str+5 Int+4}
 96580 | Trove    | Identified the ring "Geqixt" {Wiz rPois rF+}
 97642 | Elf:3    | Identified the +3 leather armour "Eroduj" {rC+ Int-4 Dex+3}
 97793 | Elf:3    | Identified the +5 halberd "Qoed Maxza" {vamp, rF++ Will+}
 98056 | Elf:3    | Identified the +7 broad axe "Z" {venom, Dex+2}
 99313 | Vaults:3 | Killed abarbat's ghost
100241 | Vaults:5 | Entered Level 5 of the Vaults
100271 | Vaults:5 | Identified the ring "Juotiag" {Fly Dex+6}
100274 | Vaults:5 | Reached XP level 25. HP: 142/160 MP: 46/46
100277 | Vaults:5 | Identified the amulet of the Squeaky Plum {Faith rN+ Int+3}
100488 | Vaults:5 | Found Ohaifuqyqu's Distillery.
100495 | Vaults:4 | Reached skill level 20 in Spellcasting
100835 | Vaults:5 | Noticed an ancient lich
100974 | Vaults:5 | Killed an ancient lich
100975 | Vaults:5 | Reached skill level 5 in Staves
101127 | Vaults:5 | Learned a level 9 spell: Fire Storm
101403 | Vaults:5 | Identified the +4 plate armour "Fexkuily" {rF- Str+3 Int+4}
101554 | Vaults:5 | Got a silver rune of Zot
101581 | Vaults:5 | Identified the +6 flail of the Genius {vorpal, Fragile
                  | +Blink rF++ Dex+2}
101582 | Vaults:5 | Identified the ring "Dusisuil" {rC- rN+ Str+5}
101932 | Vaults:5 | Found Ebur's Distillery.
101949 | Vaults:5 | Found Kobbuule's Distillery.
101971 | Vaults:5 | Found Sybian's Magic Scroll Shop.
102007 | Vaults:5 | Found Hishitt's Distillery.
102132 | Vaults:5 | Bought a potion of magic for 120 gold pieces
102132 | Vaults:5 | Bought a potion of heal wounds for 75 gold pieces
102132 | Vaults:5 | Bought a potion of berserk rage for 75 gold pieces
102132 | Vaults:5 | Bought a potion of heal wounds for 75 gold pieces
102132 | Vaults:5 | Bought a potion of brilliance for 60 gold pieces
102843 | Vaults:5 | Bought a potion of attraction for 45 gold pieces
102843 | Vaults:5 | Bought a potion of attraction for 45 gold pieces
102843 | Vaults:5 | Bought a potion of attraction for 45 gold pieces
102843 | Vaults:5 | Bought a potion of attraction for 45 gold pieces
102863 | Vaults:5 | Bought a potion of cancellation for 96 gold pieces
102863 | Vaults:5 | Bought a potion of brilliance for 48 gold pieces
102863 | Vaults:5 | Bought a potion of ambrosia for 96 gold pieces
102863 | Vaults:5 | Bought a potion of heal wounds for 60 gold pieces
102863 | Vaults:5 | Bought a potion of heal wounds for 60 gold pieces
102877 | Vaults:5 | Bought a scroll of torment for 133 gold pieces
102889 | Vaults:5 | Bought 3 potions of attraction for 117 gold pieces
102889 | Vaults:5 | Bought a potion of curing for 39 gold pieces
102889 | Vaults:5 | Bought a potion of brilliance for 52 gold pieces
102889 | Vaults:5 | Bought a potion of brilliance for 52 gold pieces
102889 | Vaults:5 | Bought a potion of resistance for 130 gold pieces
102889 | Vaults:5 | Bought a potion of haste for 130 gold pieces
102889 | Vaults:5 | Bought a potion of curing for 39 gold pieces
102914 | Vaults:5 | Bought a potion of curing for 48 gold pieces
102914 | Vaults:5 | Bought a potion of curing for 48 gold pieces
102914 | Vaults:5 | Bought a potion of heal wounds for 80 gold pieces
102914 | Vaults:5 | Bought a potion of haste for 160 gold pieces
102914 | Vaults:5 | Bought a potion of haste for 160 gold pieces
102914 | Vaults:5 | Bought 2 potions of haste for 320 gold pieces
102914 | Vaults:5 | Bought a potion of heal wounds for 80 gold pieces
102914 | Vaults:5 | Bought a potion of invisibility for 128 gold pieces
102914 | Vaults:5 | Bought a potion of lignification for 48 gold pieces
103831 | Crypt:1  | Identified the ring "Coicsuovyda" {Fire Dex+3 Stlth+}
103896 | Crypt:1  | Found a radiant altar of Vehumet.
103900 | Crypt:1  | Found a transporter.
104500 | Crypt:1  | Found a transporter.
104502 | Crypt:1  | Got Quehui's Precepts of the Assassin
104541 | Crypt:2  | Noticed Jory
104545 | Crypt:2  | Killed Jory
105328 | Crypt:2  | Found a basalt altar of Yredelemnul.
105441 | Crypt:2  | Found a basalt altar of Yredelemnul.
106547 | Crypt:3  | Entered Level 3 of the Crypt
107076 | Crypt:3  | Reached XP level 26. HP: 168/168 MP: 47/47
107356 | Crypt:3  | Reached skill level 10 in Evocations
107450 | Crypt:3  | Found a staircase to the Tomb.
107735 | Crypt:3  | Identified the +9 dagger of the Sky {vorpal, *Noise rF+
                  | Int+2 Dex+4}
108458 | Crypt:3  | Noticed a dread lich
108465 | Crypt:3  | Killed a dread lich
108640 | Crypt:3  | Found a basalt altar of Yredelemnul.
108686 | Crypt:3  | Got the Tractate on the Legion
108784 | Crypt:2  | Found an ancient bone altar of Kikubaaqudgha.
109231 | Slime:1  | Entered Level 1 of the Pits of Slime
110700 | Slime:2  | You are sucked into a shaft and drop 2 floors!
110981 | Slime:2  | Gained mutation: Your body sometimes deteriorates upon
                  | taking damage. [a shining eye]
110982 | Slime:2  | Gained mutation: You are clumsy. (Dex -2) [a shining eye]
111963 | Slime:4  | Lost mutation: You are clumsy. (Dex -2) [potion of
                  | mutation]
111963 | Slime:4  | Lost mutation: Your body sometimes deteriorates upon taking
                  | damage. [potion of mutation]
111963 | Slime:4  | Gained mutation: You are frail. (-10% HP) [potion of
                  | mutation]
111963 | Slime:4  | Gained mutation: You have a beak for a mouth. [potion of
                  | mutation]
111963 | Slime:4  | Gained mutation: You passively map a small area around you.
                  | [potion of mutation]
111998 | Slime:3  | Reached skill level 21 in Spellcasting
113033 | Slime:5  | Entered Level 5 of the Pits of Slime
113207 | Slime:5  | Gained mutation: You sometimes lose your temper in combat.
                  | [a shining eye]
113313 | Slime:5  | Gained mutation: You are weak. (Str -2) [a shining eye]
113640 | Slime:5  | Noticed the Royal Jelly
113821 | Slime:5  | Reached skill level 10 in Dodging
114125 | Slime:5  | Killed the Royal Jelly
114355 | Slime:5  | Identified the +7 morningstar "Sogey" {holy, rPois Str+2
                  | Int+3}
114400 | Slime:5  | Identified the +3 long sword of Thoughtfulness {protect,
                  | Str+6 Dex-4}
114418 | Slime:5  | Identified the +9 morningstar "Spiderbane" {pain, rF++
                  | Int+2}
114428 | Slime:5  | Got a slimy rune of Zot
114468 | Slime:5  | Identified the +6 flail of Ynampel {venom, Contam rPois
                  | Dex+3}
115441 | Lair:2   | Acquired the Tome of Concussion
115716 | Zot:1    | Entered Level 1 of the Realm of Zot
115969 | Zot:1    | Reached skill level 15 in Shields
115969 | Zot:1    | Reached XP level 27. HP: 157/157 MP: 18/48
116090 | Zot:1    | Identified the +4 cloak of Hangman {rCorr Int+2}
116107 | Zot:1    | Reached skill level 10 in Staves
116322 | Zot:1    | Identified the +1 cloak of Resonance {rC+ Int+3}
116342 | Zot:1    | Found a transporter.
116350 | Zot:1    | Identified the +0 cloak "Filoh" {Drain rElec Int+3}
116353 | Zot:1    | Found a bloodstained altar of Trog.
116358 | Zot:1    | Found a transporter.
116358 | Zot:1    | Identified the ring "Bebah" {Ice rN+ Str+2 Dex+8 Slay-2}
116359 | Zot:1    | Noticed Pongem's ghost (legendary MiAK)
117934 | Zot:2    | Identified the ring of Fataq {+Blink rN+ Will- Int+2}
118179 | Zot:2    | Noticed an ancient lich
118327 | Zot:2    | Found a transporter.
118349 | Zot:2    | Found the +7 lajatang of Order {silver, rMut}
118358 | Zot:2    | Noticed a dread lich
118370 | Zot:2    | Found a transporter.
118375 | Zot:2    | Noticed Gupaxyh's ghost (veteran TrCA)
119593 | Zot:3    | Noticed an orb of fire
120164 | Zot:3    | Killed an orb of fire
120165 | Zot:3    | Reached skill level 22 in Spellcasting
120471 | Depths:3 | Bought a manual of Fighting for 1360 gold pieces
123680 | Lair:2   | Learned a level 8 spell: Lehudib's Crystal Spear
124014 | Zot:5    | Entered Level 5 of the Realm of Zot
125151 | Zot:5    | Identified the +3 shortbow of Ifugechonu {flame, rC+ Will+}
125157 | Zot:5    | Noticed an orb of fire
125164 | Zot:5    | Killed an orb of fire
125512 | Zot:5    | Noticed an orb of fire
125604 | Zot:5    | Killed an orb of fire
126183 | Zot:5    | Noticed a dread lich
126231 | Zot:4    | Killed a dread lich
126368 | Zot:5    | Noticed an orb of fire
126381 | Zot:5    | Gained mutation: You occasionally lose the ability to drink
                  | potions when taking damage. [an orb of fire]
126387 | Zot:5    | Killed an orb of fire
126642 | Zot:5    | Noticed a dread lich
126648 | Zot:5    | Killed a dread lich
127144 | Zot:5    | Reached skill level 23 in Spellcasting
127368 | Zot:5    | Got the Orb of Zot
127676 | Depths:4 | Noticed Gasmesyta the pandemonium lord
127676 | Depths:4 | Noticed an ancient lich
127803 | D:13     | Noticed Hywofaoxt the pandemonium lord
127837 | D:12     | Noticed Lifeaxtu the pandemonium lord
127990 | D:7      | Noticed Yceaz the pandemonium lord
128089 | D:$      | Escaped with the Orb!

Illustrated notes

Levels and vault maps discovered:
D:1:      minmay_arrival_four_circles, layout_loops_cross
D:2:      layout_loops_ring, basic_ecumenical_altar, basic_altar, serial_shops,
          nicolae_lakefront_shop, serial_bayou_lagoon_a, uniq_natasha
D:3:      layout_rooms, lemuel_crystal_altar, amcnicky_altar_gilded
D:4:      layout_rooms, kiku_gazebo_garden_becter, nzn_hepliaklqana_mist_gate
D:5:      layout_loops_corners, mainiacjoe_overflow_tiny_flanked,
          minmay_temple_entry_arrows
D:6:      layout_loops_ring, mainiacjoe_overflow_24_doors
D:7:      layout_rooms, nicolae_dithmenos_through_a_glass_darkly,
          mainiacjoe_overflow_concentric_impassable, serial_undead,
          serial_undead_c, serial_undead_b, serial_undead_b, serial_undead_d,
          enter_bailey_5, uniq_pikel, uniq_maggie
D:8:      minmay_s_stair_smasher, layout_cave_pools, zin_scriptorium,
          cheibrodos_worm_habitat, erik_lair_orcish_takeover
D:9:      layout_long_grid, mainiacjoe_overflow_alcove_4, uniq_prince_ribbit1
D:10:     layout_basic, old_standard_altar, kennysheep_mini_moat,
          mainiacjoe_overflow_alcove_1, orc_david_3, hellmonk_ghost_big_iron,
          uniq_josephine
D:11:     layout_long_grid, serial_shops, shop, nicolae_qazlal_scattered_showers
D:12:     layout_roguey
D:13:     layout_roguey
D:14:     layout_rooms, erik_vaults_2, nrook_mini_backslash,
          ashenzari_conservatory_becter, uniq_louise
D:15:     grunt_enter_depths_snipers, layout_irregular_city, serial_park_paths
          [serial_park_minivault_5x5_3], uniq_kirke
Temple:   hellmonk_temple_of_storms
Lair:1:   layout_cave_pods, grunt_megastairs_4
Lair:2:   layout_loops_ring, swamp_mist, dummy_snake_entry,
          gauntlet_entry_generic, nicolae_lair_grazing_beasts
          [nicolae_sub_lair_graze_edge, nicolae_sub_lair_graze_edge,
          nicolae_sub_lair_graze_edge, nicolae_sub_lair_graze_edge],
          grunt_megastairs_5, serial_bayou_shore_b, uniq_harold
Lair:3:   layout_regular_city
Lair:4:   layout_regular_city, pond, serial_bayou_shore_b, serial_bayou_shore_a,
          lemuel_fruit_tree, serial_bayou_shore_b
Lair:5:   minmay_lair_end_frog_pond, layout_cellular_growth,
          nicolae_slime_entry_slimehenge
Swamp:1:  layout_basic_swamp, evilmike_swamp_ruin_house_5,
          infiniplex_staircase_pool
Swamp:2:  layout_falls_marsh, evilmike_swamp_ruin_rubble_2, swamp_pool2
Swamp:3:  layout_falls_marsh, evilmike_swamp_ruin_house_4
Swamp:4:  grunt_swamp_rune_castle, layout_basic_swamp, uniq_nikola, uniq_roxanne
Snake:1:  layout_layer_cave, grunt_ministairs_6, statue_in_the_mist_lemuel
Snake:2:  layout_basic, serial_shops, shop_statue, nicolae_shop_stone, shop,
          serial_bayou_shore_b, grunt_megastairs_2
Snake:3:  layout_onion, gammafunk_ghost_cemetery
Snake:4:  snake_pit, layout_gridlike, serial_shops, nicolae_shop_hallway_stairs,
          nicolae_snake_snake_lake, nicolae_snake_snakes_in_the_grass,
          uniq_aizul
Slime:1:  layout_caves
Slime:2:  layout_caves, nicolae_slime_barrier
Slime:3:  layout_caves, cheibrodos_slime_lost_civilization_5
Slime:4:  layout_caves
Slime:5
Orc:1:    giant_chief_lemuel, layout_diamond_mine,
          portal_ice_cave_entry_pillars_2
Orc:2:    pubby_orc_utopia, serial_shops, uniq_rupert, uniq_urug
Elf:1:    nicolae_elf_arrival_no_cutting_in_line, layout_gridlike,
          mu_enter_wizlab_5, minmay_elf_necromancy, uniq_frances, uniq_azrael,
          uniq_jorgrun
Elf:2:    nicolae_elf_blades_splatter_lattice [mumra_blade_entry_bloodbath],
          layout_geoelf_grid
Elf:3:    elf_hall_gauntlet_narrow, layout_geoelf_castle, guppyfry_library_mini
Vaults:1: portal_desolation_entry_garden, nicolae_vaults_back_hallway,
          v_pattern_4, v_rooms_5, vaults_mumra_minichess_inversion,
          nicolae_vaults_border_crossing, hangedman_vaults_trim,
          vaults_room_pool, v_misc_2, nicolae_vaults_little_ls,
          nicolae_vaults_theta, v_misc_24, layout_vaults_chaotic_city,
          uniq_saint_roka
Vaults:2: hangedman_vaults_stream, grunt_vaults_diagonal,
          nicolae_vaults_yaktaur_gun_rack, minmay_crypt_entry_necro_gods,
          grunt_vaults_hallway_long, vaults_mumra_hexcomb, vaults_room_corners,
          nicolae_vaults_rhombus_6, v_alt_pattern_5, hangedman_vaults_slither,
          ontoclasm_vaults_ring_small, nicolae_vaults_specimen_jars,
          vaults_room_semicircle, nicolae_vaults_ring_of_whatevers,
          layout_vaults_maze_bifur
Vaults:3: ebering_ghost_reflecting_pool, nicolae_vaults_fighting_squares,
          nicolae_vaults_big_ls, vaults_room_stairs_pillars, v_misc_24,
          grunt_vaults_hallway_short, ontoclasm_vaults_chip,
          ontoclasm_vaults_decontamination, nicolae_vaults_shelves_hall,
          nicolae_vaults_sealed_display, layout_vaults_ring, uniq_asterion,
          uniq_sojobo, uniq_donald, uniq_xtahua, uniq_frederick
Vaults:4: door_vault, nicolae_vaults_network_star,
          nicolae_vaults_network_barrier, nicolae_vaults_stairing_the_circle,
          nicolae_vaults_network_square, nicolae_vaults_circle_grid_b,
          layout_vaults_omnigrid
Vaults:5
Crypt:1:  gammafunk_sealed_library, layout_catacombs
Crypt:2:  layout_catacombs, minivault_4, hangedman_feature_mirror, st_stairs_1,
          grunt_megastairs_3, lemuel_upstairs_altar, uniq_jory
Crypt:3:  cryptofortress_bobbens
Depths:1: layout_basic, serial_shops, nicolae_shop_behind_doors,
          hangedman_coc_ice_floe, hangedman_decor_diamond_cutter,
          grunt_pan_entry_spiral, nicolae_rejected_hall, serial_bayou_shore_b,
          firewood_loft
Depths:2: kennysheep_water_balloons, layout_basic, grunt_pan_entry_zigzag,
          pf_dread_powers_of_hell, abyss_entry,
          infiniplex_staircase_hallway_doors, grunt_megastairs_1
Depths:3: minmay_heptahexagon, layout_cave_shapes, enter_ziggurat_d,
          amcnicky_mini_rare_corridor_liquid, pf_hell_entry_tar_spiral,
          enter_trove_1, abyss_entry, minmay_shop_grove,
          infiniplex_staircase_zigzag_1
Depths:4: evilmike_zot_entry_diamond, layout_gridlike, grunt_hell_entry_dis_old,
          rand_demon_pan_entry_5, minmay_misc_feat_room, st_stairs_13
Zot:1:    layout_misc_corridors, gammafunk_ghost_wrathful_warriors,
          zot_minivault_6
Zot:2:    layout_gridlike, gammafunk_ghost_abyssal_escape
Zot:3:    layout_misc_corridors
Zot:4:    layout_twisted_circle, hangedman_zot_wheel_spokes
Zot:5:    layout_onion

Skill      XL: |  1  2  3  4  5  6  7  8  9 10 11 12 13 14 15 16 17 18 19 20 21 22 23 24 25 26 27 |
---------------+----------------------------------------------------------------------------------+-----
Transmutations | 1 |  1.4
Earth Magic    | 4 5 6 8 10 12 13 14 15 16 17 18 19 20 21 22 | 22.2
Spellcasting   | 3 4 5 7 9 10 11 12 13 14 15 16 17 18 19 20 21 23 | 23.0
Conjurations   | 1 5 7 9 10 11 12 13 14 15 16 17 18 19 20 | 20.7
Fighting       | 1 3 4 6 7 8 9 11 12 13 14 15 16 17 18 20 | 20.9
Armour         | 1 3 5 6 |  6.1
Dodging        | 2 3 4 5 6 7 8 9 10 13 | 13.5
Maces & Flails | 3 4 5 7 8 9 10 | 10.3
Evocations     | 2 4 5 6 7 8 9 10 12 | 12.8
Fire Magic     | 1 3 5 6 7 9 10 11 12 13 14 15 16 18 | 18.0
Shields        | 1 4 6 8 10 11 12 13 14 15 | 15.0
Staves         | 4 6 9 11 | 11.2
Translocations | 2 |  2.8
Stealth        | |  2.3

Action                   |  1- 3 |  4- 6 |  7- 9 | 10-12 | 13-15 | 16-18 | 19-21 | 22-24 | 25-27 || total
-------------------------+-------+-------+-------+-------+-------+-------+-------+-------+-------++-------
Melee: Spear             |       |       |     2 |       |       |       |       |       |       ||     2
       Whip              |       |       |       |    31 |    25 |    89 |    29 |       |       ||   174
       Punch             |       |       |       |     1 |       |     1 |     2 |       |       ||     4
       Eveningstar       |       |       |       |       |       |       |   106 |    39 |       ||   145
       Staff             |       |       |       |       |       |       |       |    12 |    96 ||   108
       Peck              |       |       |       |       |       |       |       |       |     6 ||     6
 Cast: Sandblast         |    44 |    77 |   169 |   249 |   725 |   436 |   282 |    48 |   126 ||  2156
       Stone Arrow       |       |       |       |   143 |   231 |    67 |    37 |     6 |     1 ||   485
       Petrify           |       |       |       |    12 |     9 |     5 |     2 |     3 |       ||    31
       Sticky Flame      |       |       |       |     1 |    27 |    11 |     7 |     8 |       ||    54
       Conjure Flame     |       |       |       |       |    35 |    23 |    31 |    16 |     7 ||   112
       Iron Shot         |       |       |       |       |   102 |   356 |   460 |   467 |   569 ||  1954
       Scorch            |       |       |       |       |     8 |     7 |     2 |     7 |     5 ||    29
       Starburst         |       |       |       |       |       |     1 |    10 |    12 |    34 ||    57
       Lee's Rapid Decon |       |       |       |       |       |    21 |   140 |   221 |   155 ||   537
       Ignition          |       |       |       |       |       |       |     3 |     8 |       ||    11
       Shatter           |       |       |       |       |       |       |       |     7 |    18 ||    25
       Blink             |       |       |       |       |       |       |       |     2 |     1 ||     3
       Fire Storm        |       |       |       |       |       |       |       |       |    36 ||    36
       Lehudib's Crystal |       |       |       |       |       |       |       |       |    81 ||    81
       Passwall          |       |       |       |       |       |       |       |       |     5 ||     5
Evoke: Wand              |       |       |       |       |     4 |    11 |     9 |     1 |       ||    25
  Use: Scroll            |       |       |     2 |    15 |    19 |    12 |    10 |    19 |    13 ||    90
       Potion            |       |       |       |     9 |     2 |     9 |     4 |     7 |    12 ||    43
 Stab: Petrified         |       |       |       |     2 |       |       |       |       |       ||     2
Armor: Robe              |     4 |     4 |    49 |     3 |    13 |   310 |   329 |   143 |   157 ||  1012
       Acid dragon scale |       |       |       |   156 |   316 |       |       |       |       ||   472
Dodge: Dodged            |    12 |    15 |    74 |   162 |   361 |   360 |   294 |    99 |   111 ||  1488
       Repelled          |       |       |       |     1 |       |    15 |       |       |       ||    16
Block: Kite shield       |       |       |       |       |       |       |   138 |   190 |   592 ||   920
       Reflection        |       |       |       |       |       |       |       |    34 |    44 ||    78
       Buckler           |       |       |       |       |       |       |       |     1 |       ||     1
